 Dungeon Crawl Stone Soup version 0.18-a0-1186-gd02dc51 (console) character file.

112 utis the Twirler (level 4, 0/25 HPs)
             Began as a Deep Elf Gladiator on Jan 28, 2016.
             Slain by a hound (5 damage)
             ... on level 3 of the Dungeon.
             The game lasted 00:08:00 (3099 turns).

utis the Twirler (Deep Elf Gladiator)               Turns: 3099, Time: 00:08:00

Health: 0/25       AC:  6    Str: 12    XL:     4   Next: 64%
Magic:  7/7        EV: 12    Int: 14    God:
Gold:   142        SH:  0    Dex: 15    Spells: 0 memorised, 3 levels left

rFire  . . .     SeeInvis .     a - +1 quarterstaff
rCold  . . .     Gourm    .     i - +0 ring mail
rNeg   . . .     Faith    .     (shield currently unavailable)
rPois  .         Spirit   .     c - +0 helmet
rElec  .         Dismiss  .     (no cloak)
rCorr  .         Reflect  .     (no gloves)
SustAt .         Harm     .     (no boots)
MR     .....                    (no amulet)
Stlth  +.........               (no ring)
                                (no ring)

@: not resistant to hostile enchantments, very unstealthy
A: no striking features
a: no special abilities


You were on level 3 of the Dungeon.
You were not hungry.

You visited 1 branch of the dungeon, and saw 3 of its levels.

You collected 142 gold pieces.

Inventory:

Hand Weapons
 a - a +1 quarterstaff (weapon)
Missiles
 d - 3 throwing nets {=f}
 e - 73 stones (quivered)
 m - 17 poisoned needles
 p - 8 tomahawks
 t - 17 sling bullets
Armour
 b - a +0 leather armour
 c - a +0 helmet (worn)
 i - a +0 ring mail (worn)
Jewellery
 q - an uncursed amulet of the gourmand {unknown}
Wands
 j - a wand of enslavement (20/24)
Scrolls
 h - a scroll of identify
 k - a scroll of enchant weapon
 u - a scroll of teleportation {!r}
Potions
 g - a potion of mutation {unknown}
 n - a potion of brilliance {unknown}
 o - 2 potions of curing
 r - a potion of haste {unknown}
 s - 2 potions of ambrosia
Comestibles
 f - 3 bread rations
 l - 2 slices of pizza


   Skills:
 - Level 1.5 Fighting
 - Level 5.0 Staves
 - Level 2.0 Throwing
 - Level 3.6 Dodging
 + Level 2.1 Evocations


You had 3 spell levels left.
You didn't know any spells.

Dungeon Overview and Level Annotations

Branches:
Dungeon (3/15)

Altars:
The Shining One

Annotations:
D:1 exclusion: downstairs
D:2 Sigmund


Message History

The hound is heavily wounded.
The hound barely misses you. The hound bites you.
* * * LOW HITPOINT WARNING * * *
You hit the hound.
The hound is severely wounded.
The hound closely misses you.
You closely miss the hound.
The hound is severely wounded.
The hound barely misses you. The hound completely misses you.
You miss the hound.
The hound is severely wounded.
The hound bites you but does no damage. The hound bites you.
* * * LOW HITPOINT WARNING * * *
You barely miss the hound.
The hound is severely wounded.
The hound bites you but does no damage.
You completely miss the hound.
The hound is severely wounded.
The hound bites you.
You die...

▓...➘▓ .h...
▓....▓▓.....
▓....▓......
▓....➘......
▓.▓ ▓➘▓ ▓.▓
▓h▓ ▓e▓▓▓▓▓
▓.....▓
▓▓▓▓▓▓▓▓.▓
▓.....▓▓.▓
▓▓▓▓.....▓▓.▓
▓<▓▓.....'..▓
▓)▓▓.....▓▓▓▓
▓▓.▓▓.....▓▓▓
▓..▓......➘.▓


You could see a hound.

Vanquished Creatures
  Terence (D:2)
  3 adders
  3 worms
  4 giant cockroaches
  6 goblins
  9 hobgoblins
  4 jackals
  2 ball pythons
  4 bats
  2 giant newts (D:1)
  6 kobolds
  7 rats
51 creatures vanquished.

Notes
Turn   | Place    | Note
--------------------------------------------------------------
     0 | D:1      | utis the Deep Elf Gladiator began the quest for the Orb.
     0 | D:1      | Reached XP level 1. HP: 12/12 MP: 3/3
     3 | D:1      | Found a glowing golden altar of the Shining One.
   423 | D:1      | Reached XP level 2. HP: 10/16 MP: 4/4
  1130 | D:2      | Reached skill level 4 in Staves
  1418 | D:2      | Noticed Sigmund
  1613 | D:2      | Found a faded altar to an unknown god.
  1625 | D:1      | Reached XP level 3. HP: 10/20 MP: 5/5
  2160 | D:2      | Noticed Terence
  2190 | D:2      | Killed Terence
  2190 | D:2      | Reached skill level 5 in Staves
  2190 | D:2      | Reached XP level 4. HP: 23/25 MP: 6/6
  2718 | D:2      | Reached skill level 1 in Evocations
  3099 | D:3      | Slain by a hound

Vault maps used:
D:1:      sevenhm_arrival_forest_fort_small_6, serial_glass, glass_columns_b,
          glass_columns_c
D:2:      ecumenical_altar_2, uniq_sigmund, uniq_terence

Action                   |  1- 3 |  4- 6 || total
-------------------------+-------+-------++-------
Melee: Quarterstaff      |   123 |    65 ||   188
Throw: Stone             |    56 |    24 ||    80
  Use: Scroll            |     3 |     2 ||     5
  Eat: Chunk             |     4 |     3 ||     7
